 Dungeon Crawl Stone Soup version 0.27-a0-811-ga052575696 (webtiles) character file.

Game seed: 2111492356653696296

893 Harga the Skirmisher (level 7, -3/64 HPs)
             Began as a Minotaur Berserker on Mar 29, 2021.
             Was a Priest of Trog.
             Killed from afar by an electric eel (5 damage)
             ... with a bolt of electricity
             ... on level 7 of the Dungeon.
             The game lasted 00:32:45 (4449 turns).

Harga the Skirmisher (Minotaur Berserker)           Turns: 4449, Time: 00:32:45

Health: -3/64      AC: 11    Str: 24    XL:     7   Next: 78%
Magic:  6/6        EV:  9    Int:  4    God:    Trog [***...]
Gold:   179        SH:  0    Dex:  9    Spells: 6/6 levels left

rFire    . . .     SeeInvis .   a - +0 mace
rCold    . . .     Faith    .   (no shield)
rNeg     . . .     Spirit   .   l - +0 chain mail
rPois    .         Reflect  .   (helmet restricted)
rElec    .         Harm     .   (no cloak)
rCorr    .         Rampage  .   (no gloves)
Will     .....                  r - +0 pair of boots
Stlth    ..........             (no amulet)
HPRegen  0.20/turn              (no ring)
MPRegen  0.10/turn              (no ring)

@: berserk cooldown, slowed, very slow
A: horns 2, retaliatory headbutt
a: Renounce Religion, Berserk, Trog's Hand


You were on level 7 of the Dungeon.
You worshipped Trog.
Trog was most pleased with you.
You visited 1 branch of the dungeon, and saw 7 of its levels.

You collected 179 gold pieces.

Inventory:

Hand Weapons
 a - a +0 mace (weapon)
Missiles
 e - 4 boomerangs (quivered)
 p - 5 poisoned darts
Armour
 l - a +0 chain mail (worn)
 r - a +0 pair of boots (worn)
Wands
 f - a wand of random effects (35)
 s - a wand of charming (13)
 v - a wand of mindburst (5)
Scrolls
 g - 2 scrolls of enchant armour {unknown}
 h - a scroll of identify
 i - a scroll of immolation
 j - 2 scrolls of teleportation
 q - a scroll of magic mapping {unknown}
 t - a scroll of blinking {unknown}
Potions
 b - 2 potions of curing {unknown}
 c - 3 potions of lignification
 d - 2 potions of mutation {unknown}
 k - a potion of ambrosia {unknown}
 n - a potion of might {unknown}
 o - a potion of attraction {unknown}
 u - 2 potions of haste


   Skills:
 * Level 6.6 Fighting
 + Level 6.4 Maces & Flails
 + Level 5.6 Armour
 - Level 5.0 Dodging
 + Level 0.4 Spellcasting


You had 6 spell levels left.
You didn't know any spells.
Your spell library contained the following spells:

 Spells                   Type           Power      Damage    Failure   Level
 Animate Skeleton         Necr           0%         N/A       98%         1
 Apportation              Tloc           0%         N/A       98%         1
 Corona                   Hex            0%         N/A       98%         1
 Summon Small Mammal      Summ           0%         N/A       98%         1


Dungeon Overview and Level Annotations

Branches:
Dungeon (7/15)             Temple (0/1) D:4

Altars:
Nemelex Xobeh
Qazlal
Uskayaw
Zin

Annotations:
D:3 1 runed translucent door, hemabe71's ghost, amateur HuAr
D:5 2 transporters
D:6 3 runed translucent doors, Aggronaut's ghost, novice DrTm


Innate Abilities, Weirdness & Mutations

You have a pair of horns on your head.
You reflexively headbutt those who attack you in melee.


Message History

You feel yourself slow down.
The electric eel shoots out a bolt of lightning at you!
The bolt of electricity hits you!
You can move again.
You hit the electric eel. Your headbutt misses the electric eel.
The electric eel is heavily wounded.
The electric eel shoots out a bolt of lightning at you!
The bolt of electricity hits you!
* * * LOW HITPOINT WARNING * * *
You feel much better.
You closely miss the electric eel. Your headbutt misses the electric eel.
The electric eel is moderately wounded.
The electric eel shoots out a bolt of lightning at you!
The bolt of electricity hits you.
You miss the electric eel. Your headbutt misses the electric eel.
The electric eel is moderately wounded.
You barely miss the electric eel.
The electric eel is moderately wounded.
The electric eel shoots out a bolt of lightning at you!
The bolt of electricity misses you.
You closely miss the electric eel. Your headbutt misses the electric eel.
The electric eel is moderately wounded.
The electric eel shoots out a bolt of lightning at you!
The bolt of electricity hits you!
* * * LOW HITPOINT WARNING * * *
You barely miss the electric eel. Your headbutt misses the electric eel.
The electric eel is moderately wounded.
The electric eel shoots out a bolt of lightning at you!
The bolt of electricity hits you!
* * * LOW HITPOINT WARNING * * *
The electric eel shoots out a bolt of lightning at you!
The bolt of electricity hits you.
* * * LOW HITPOINT WARNING * * *
You hit the electric eel.
The electric eel is severely wounded.
You barely miss the electric eel. Your headbutt misses the electric eel.
The electric eel is heavily wounded.
The electric eel shoots out a bolt of lightning at you!
The bolt of electricity hits you.
You die...

#§# §§# #
##§####### ..
#........##
<.##......#..###
#......?..P.≈..#
#....).≈≈≈≈.#
#....)..≈≈≈.#
#.<.))@;≈≈≈.#
#.......≈≈..#
######...≈..#
########


You could see an electric eel.

Vanquished Creatures
  Sigmund (D:6)
  A water moccasin (D:5)
  An ogre (D:5)
  A bullfrog (D:6)
  A water moccasin skeleton (D:6)
  2 centaur zombies
  A hound (D:5)
  A jelly (D:4)
  A bullfrog skeleton (D:6)
  A gnoll shaman (D:7)
  Jessica (D:2)
  Terence (D:3)
  A killer bee zombie (D:7)
  A mummy (D:7)
  A howler monkey skeleton (D:5)
  3 gnolls (D:7)
  A howler monkey zombie (D:5)
  4 adders
  2 worms
  2 dart slugs
  7 orcs
  7 endoplasms
  2 giant cockroaches
  10 goblins
  4 hobgoblins
  2 jackals (D:1)
  2 quokkas
  6 ball pythons
  4 bats
  5 kobolds
  2 rats
79 creatures vanquished.

Notes
Turn   | Place    | Note
-------+----------+-------------------------------------------
     0 | D:1      | Harga the Minotaur Berserker began the quest for the Orb.
     0 | D:1      | Reached XP level 1. HP: 19/19 MP: 0/0
   329 | D:1      | Reached XP level 2. HP: 27/27 MP: 1/1
  1076 | D:2      | Noticed Jessica
  1084 | D:2      | Killed Jessica
  1085 | D:2      | Reached XP level 3. HP: 33/33 MP: 2/2
  1677 | D:3      | Found a sparkling altar of Nemelex Xobeh.
  1697 | D:3      | Reached XP level 4. HP: 39/41 MP: 3/3
  1770 | D:3      | Reached ** piety under Trog
  1989 | D:3      | Noticed Terence
  1997 | D:3      | Killed Terence
  2032 | D:3      | Found a runed translucent door.
  2034 | D:3      | Noticed hemabe71's ghost (amateur HuAr)
  2293 | D:4      | Found a staircase to the Ecumenical Temple.
  2617 | D:4      | Reached XP level 5. HP: 47/47 MP: 4/4
  2688 | D:5      | Entered Level 5 of the Dungeon
  2911 | D:5      | Noticed a basilisk
  3106 | D:5      | Found a hide-covered altar of Uskayaw.
  3147 | D:5      | Reached skill level 5 in Maces & Flails
  3349 | D:5      | Found a transporter.
  3353 | D:5      | Noticed a black bear
  3365 | D:5      | Found a transporter.
  3373 | D:5      | Found a stormy altar of Qazlal.
  3487 | D:5      | Reached skill level 5 in Fighting
  3570 | D:5      | Noticed an ogre
  3576 | D:5      | Killed an ogre
  3577 | D:5      | Reached XP level 6. HP: 56/56 MP: 5/5
  3669 | D:5      | Noticed a water moccasin
  3678 | D:5      | Killed a water moccasin
  4022 | D:5      | Found a glowing silver altar of Zin.
  4115 | D:6      | Reached XP level 7. HP: 57/62 MP: 6/6
  4134 | D:6      | Reached skill level 5 in Armour
  4162 | D:6      | Found a runed translucent gate.
  4162 | D:6      | Found a runed translucent gate.
  4162 | D:6      | Found a runed translucent gate.
  4191 | D:6      | Noticed Aggronaut's ghost (novice DrTm)
  4322 | D:6      | Noticed Sigmund
  4371 | D:6      | Killed Sigmund
  4372 | D:6      | Reached skill level 5 in Dodging
  4419 | D:7      | Reached *** piety under Trog
  4447 | D:7      | HP: 2/64 [electric eel/bolt of electricity (4)]
  4449 | D:7      | Killed from afar by an electric eel

Illustrated notes

Levels and vault maps discovered:
D:1:      heliophobic_arrival_henge, layout_basic
D:2:      layout_basic, uniq_jessica
D:3:      minmay_evil_eye, layout_rooms, ebering_ghost_inner_flame,
          nemelex_dance_club_becter, uniq_terence
D:4:      minmay_inner_zag, layout_cave_pods, minmay_temple_entry_glass
D:5:      layout_basic, kennysheep_little_box, lemuel_coloured_pillars_altar,
          gammafunk_temple_overflow_arena
D:6:      layout_basic, nicolae_overflow_hidden_temple, gammafunk_ghost_icy,
          uniq_sigmund
D:7:      layout_rooms, nicolae_overflow_crystal_walls, minitemple,
          yredelemnul_altar_generic, serial_undead, serial_undead_a,
          serial_undead_f, serial_undead_f, serial_undead_f

Skill      XL: |  1  2  3  4  5  6  7 |
---------------+----------------------+-----
Maces & Flails | 4 5 6 |  6.4
Fighting       | 4 5 6 |  6.6
Armour         | 3 4 5 |  5.6
Dodging        | 3 4 5 |  5.0
Spellcasting   | |  0.4

Action                   |  1- 3 |  4- 6 |  7- 9 || total
-------------------------+-------+-------+-------++-------
Melee: Mace              |    67 |    80 |    54 ||   201
       Headbutt          |    10 |    20 |    10 ||    40
Throw: Dart              |       |     4 |       ||     4
       Boomerang         |       |     2 |       ||     2
Invok: Berserk           |       |     1 |     1 ||     2
Evoke: Wand              |       |       |     1 ||     1
  Use: Scroll            |       |     1 |     1 ||     2
       Potion            |       |     3 |     1 ||     4
Armor: Animal skin       |     3 |       |       ||     3
       Chain mail        |    17 |    38 |    34 ||    89
       Leather armour    |     3 |       |       ||     3
Dodge: Dodged            |    31 |    36 |    23 ||    90

Table legend: (Time is in decaauts)
 A = Elapsed time spent in this place.
 B = Non-inter-level travel time spent in this place.
 C = Inter-level travel time spent in this place.
 D = Time resting spent in this place.
 E = Time spent auto-exploring this place.
 F = Levels seen in this place.
 G = Mean time per level.
                   A        B        C        D        E       F      G
               +--------+--------+--------+--------+--------+-----+--------+
         Total |   4494 |   4494 |      0 |    531 |   1934 |   7 |  642.0 |
       Dungeon |   4494 |   4494 |      0 |    531 |   1934 |   7 |  642.0 |
               +--------+--------+--------+--------+--------+-----+--------+

Top non-repeatable levels by time:
     D:5: 1221 daAuts
     D:1: 1059 daAuts
     D:3: 685 daAuts
     D:2: 591 daAuts
     D:4: 589 daAuts
     D:6: 314 daAuts
     D:7: 32 daAuts
